 Dungeon Crawl Stone Soup version 0.19-a0-1081-g506d7b7 (webtiles) character file.

960 stupendous the Shield-Bearer (level 8, -3/64 HPs)
             Began as a Formicid Fighter on Aug 6, 2016.
             Was an Initiate of Okawaru.
             Killed from afar by gressup's ghost (14 damage)
             ... with a flame tongue
             ... on level 6 of the Dungeon.
             The game lasted 00:14:09 (5165 turns).

stupendous the Shield-Bearer (Formicid Fighter)     Turns: 5165, Time: 00:14:09

Health: -3/64      AC: 11    Str: 21    XL:     8   Next: 37%
Magic:  8/8        EV:  8    Int:  8    God:    Okawaru [......]
Gold:   241        SH: 11    Dex: 14    Spells: 0 memorised, 7 levels left

rFire  . . .     SeeInvis +     a - +1 long sword
rCold  . . .     Gourm    .     b - +0 scale mail
rNeg   . . .     Faith    .     c - +1 shield
rPois  .         Spirit   .     (helmet unavailable)
rElec  .         Dismiss  .     x - +0 cloak
rCorr  .         Reflect  .     n - +0 pair of gloves
SustAt .         Harm     .     D - +0 pair of boots
MR     .....     Clarity  +     (no amulet)
Stlth  ..........               e - +2 ring of slaying
                                r - ring of wizardry

@:
A: permanent stasis, dig shafts and tunnels, four strong arms, antennae 3, agile
1, clarity, MP-powered wands
a: Dig, Shaft Self, Renounce Religion


You were on level 6 of the Dungeon.
You worshipped Okawaru.
Okawaru was noncommittal.
You were hungry.

You visited 2 branches of the dungeon, and saw 7 of its levels.

You collected 241 gold pieces.

Inventory:

Hand Weapons
 a - a +1 long sword (weapon)
Armour
 b - a +0 scale mail (worn)
 c - a +1 shield (worn)
 n - a +0 pair of gloves (worn)
 x - a +0 cloak (worn)
 D - a +0 pair of boots (worn)
Jewellery
 e - a +2 ring of slaying (right hand)
 r - a ring of wizardry (left hand)
Wands
 v - a wand of flame (15/48)
Scrolls
 k - a scroll of immolation {unknown}
 m - 2 scrolls of amnesia {unknown}
 s - a scroll of enchant armour
Potions
 d - a potion of might
 h - a potion of brilliance {unknown}
 i - a potion of mutation
 j - a potion of resistance {unknown}
 q - 4 potions of heal wounds
 t - 2 potions of flight
 u - a potion of cure mutation
 w - a potion of lignification {unknown}
 z - a potion of degeneration {unknown}
 A - 2 potions of curing
Comestibles
 f - 2 bread rations
 g - 2 meat rations
 l - a royal jelly
 o - 2 chunks of flesh
 B - 2 fruits
 C - a slice of pizza


   Skills:
 - Level 6.0 Fighting
 + Level 5.2 Long Blades
 - Level 6.0 Armour
 - Level 6.0 Shields


You had 7 spell levels left.
You didn't know any spells.

Dungeon Overview and Level Annotations

Branches:
Dungeon (6/15)             Temple (1/1) D:6

Altars:
Cheibriados
Dithmenos
Elyvilon
Fedhas
Gozag
Hepliaklqana
Kikubaaqudgha
Makhleb
Okawaru
Qazlal
Ru
Sif Muna
Trog
Uskayaw
Vehumet
Xom
Yredelemnul
Zin
The Shining One

Annotations:
D:6 Edmund; gressup's ghost, novice DEFE


Innate Abilities, Weirdness & Mutations

You are under a permanent stasis effect.
You can dig through walls and to a lower floor.
Your four strong arms can wield two-handed weapons with a shield.
You have a pair of large antennae on your head. (SInv)
You are agile. (Dex +2)
You possess an exceptional clarity of mind.
You expend magic power (3 MP) to strengthen your wands.


Message History

You block gressup's ghost's attack.
You closely miss gressup's ghost.
Gressup's ghost is lightly damaged.
You are covered in liquid flames!
Gressup's ghost casts a spell at you. The puff of flame hits you!
You completely miss gressup's ghost.
Gressup's ghost is lightly damaged.
You are covered in liquid flames!
Gressup's ghost points at you and mumbles some strange words.
The puff of flame hits you!
* * * LOW HITPOINT WARNING * * *
Edmund says, "Everyone always remembers my brother. 'Who's Edmund?' they ask!"
You are covered in liquid flames!
* * * LOW HITPOINT WARNING * * *
You are covered in liquid flames!
* * * LOW HITPOINT WARNING * * *
Gressup's ghost casts a spell at you. The flame tongue hits you!
You die...

######### #....@W.#
#.#####.######## #.#
#........######
##'#####........'....#
#.....###@......####.#
.......$#.....#
#.......# #.#
........#.....#
#.......# #.#
.....W..#.<...#
#.......# #.#
........#.....#
#.......# #.#


You could see gressup's ghost.

Vanquished Creatures
  2 ogres (D:4)
  A centaur (D:5)
  2 scorpions (D:4)
  A howler monkey (D:4)
  A crimson imp (D:5)
  A giant frog zombie (D:6)
  2 hounds
  Crazy Yiuf (D:3)
  An orc priest (D:3)
  A giant frog skeleton (D:4)
  2 worker ants
  3 orc wizards (D:5)
  4 gnolls (D:3)
  8 adders
  A shadow imp (D:5)
  An ooze (D:3)
  A worm (D:2)
  5 dart slugs
  2 giant geckos (D:3)
  10 orcs
  2 ball pythons
  4 bats
  3 giant cockroaches
  7 hobgoblins
  12 jackals
  4 quokkas
  6 giant newts
  5 goblins
  10 kobolds
  A quokka zombie (D:4)
  5 rats
109 creatures vanquished.

Notes
Turn   | Place    | Note
-------+----------+-------------------------------------------
     0 | D:1      | stupendous the Formicid Fighter began the quest for the Orb.
     0 | D:1      | Reached XP level 1. HP: 18/18 MP: 1/1
    20 | D:1      | Reached XP level 2. HP: 7/24 MP: 2/2
   438 | D:1      | Reached XP level 3. HP: 29/29 MP: 3/3
   923 | D:2      | Reached XP level 4. HP: 37/37 MP: 4/4
  1376 | D:2      | Found a hazy altar of Hepliaklqana.
  1691 | D:3      | Reached XP level 5. HP: 37/42 MP: 5/5
  2048 | D:3      | Found a snail-covered altar of Cheibriados.
  2065 | D:3      | Found a runed door.
  2069 | D:3      | Noticed Crazy Yiuf
  2089 | D:3      | Killed Crazy Yiuf
  2401 | D:3      | Found a hide-covered altar of Uskayaw.
  2513 | D:3      | Reached XP level 6. HP: 49/49 MP: 6/6
  2697 | D:3      | Reached skill level 5 in Shields
  3007 | D:4      | Noticed an ogre
  3188 | D:4      | Killed an ogre
  3188 | D:4      | Reached skill level 5 in Fighting
  3245 | D:4      | Reached XP level 7. HP: 47/56 MP: 7/7
  3345 | D:4      | Reached skill level 5 in Armour
  3860 | D:4      | Gained mutation: You expend magic power (3 MP) to strengthen your wands. [potion of mutation]
  3860 | D:4      | Gained mutation: You are agile. (Dex +2) [potion of mutation]
  3860 | D:4      | Gained mutation: You possess an exceptional clarity of mind. [potion of mutation]
  3871 | D:5      | Entered Level 5 of the Dungeon
  4001 | D:5      | Reached XP level 8. HP: 64/64 MP: 8/8
  4120 | D:5      | Found a glowing silver altar of Zin.
  4250 | D:5      | Found an opulent altar of Gozag.
  4469 | D:5      | Reached skill level 5 in Long Blades
  4901 | D:6      | Found a staircase to the Ecumenical Temple.
  4966 | Temple   | Entered the Ecumenical Temple
  5019 | Temple   | Became a worshipper of Warmaster Okawaru
  5133 | D:6      | Noticed gressup's ghost (novice DEFE)
  5151 | D:6      | Noticed Edmund
  5165 | D:6      | Killed from afar by gressup's ghost

Vault maps used:
D:1:      minmay_arrival_four_circles
D:2:      lemuel_crystal_altar
D:3:      eat_drink_and_be_merry_uskayaw, cheibriados_altar_1,
          uniq_crazy_yiuf_cottage
D:4:      first_bread
D:5:      zin_academy, grunt_gozag_statues
D:6:      minitemple, uniq_edmund
Temple:   regret_index_temple_waves

Skill      XL: |  1  2  3  4  5  6  7  8 |
---------------+-------------------------+-----
Shields        | 4 5 6 |  6.0
Armour         | 4 5 6 |  6.0
Fighting       | 4 5 6 |  6.0
Long Blades    | 3 4 5 |  5.2

Action                   |  1- 3 |  4- 6 |  7- 9 || total
-------------------------+-------+-------+-------++-------
Melee: Long sword        |   107 |   239 |   161 ||   507
 Abil: Dig               |       |     1 |       ||     1
  Use: Scroll            |       |       |    12 ||    12
       Potion            |       |       |     1 ||     1
  Eat: Chunk             |       |     8 |     6 ||    14
Armor: Scale mail        |    50 |    84 |    49 ||   183
Dodge: Dodged            |    19 |    86 |    42 ||   147
Block: Shield            |    56 |   127 |    78 ||   261
